[ AOE2 MATCH · #495606660 ]
UnrankedMaya vs Maya
Player's team · WIN
Rival team · LOSS
[ REPLAY ANALYSIS · EXTRACTED FROM THE RECORDED GAME ]
Feudal
10:57
Castle
19:04
Imperial
38:46
| APM avg | 52.7 |
| APM peak | 125 |
| eAPM avg | 25.7 |
| Villagers / military | 141 / 92 |
Focus
⚔️ 47.4% · 🌾 52.6%
Archer ×75 · Mangonel ×8 · Militia ×6 · Monk ×2 · Trebuchet (Packed) ×1
Feudal
12:38
Castle
16:59
Imperial
—
| APM avg | 71.7 |
| APM peak | 154 |
| eAPM avg | 34.9 |
| Villagers / military | 130 / 101 |
Focus
⚔️ 48.9% · 🌾 51.1%
Archer ×71 · Plumed Archer ×13 · Mangonel ×11 · Militia ×6
Match map
Initial resources + every placement click. Lines = walls · curves = elevation contours. ◆ gold · ⬟ stone · ● berries · ✦ relic · ◌ wall gap
Your base· ✓ Closed at 19:04 · 28t walls · 1 gate(s)
NOC | komtan's base· ✓ Closed at 16:59 · 78t walls · no gate
Smoothed initial terrain · ◌ = detected wall gap · hover for details
Inputs per minute
— Nacho_C - - NOC | komtan
Build order — Nacho_C
First 150 of 402 actions detected
| 0:00 | Research | Loom |
| 0:03 | Build | House |
| 0:04 | Build | House |
| 0:05 | Create | Villager (Male) |
| 0:06 | Create | Villager (Male) |
| 0:09 | Create | Villager (Male) |
| 1:25 | Create | Villager (Male) |
| 2:05 | Create | Villager (Male) |
| 2:05 | Create | Villager (Male) |
| 2:06 | Create | Villager (Male) |
| 2:06 | Create | Villager (Male) |
| 2:22 | Build | Lumber Camp |
| 2:48 | Create | Villager (Male) |
| 2:48 | Create | Villager (Male) |
| 3:10 | Create | Villager (Male) |
| 3:11 | Create | Villager (Male) |
| 3:11 | Create | Villager (Male) |
| 3:48 | Build | House |
| 3:52 | Build | House |
| 4:00 | Create | Villager (Male) |
| 4:00 | Create | Villager (Male) |
| 4:00 | Create | Villager (Male) |
| 4:44 | Create | Villager (Male) |
| 4:44 | Create | Villager (Male) |
| 4:58 | Create | Villager (Male) |
| 5:01 | Create | Villager (Male) |
| 5:01 | Create | Villager (Male) |
| 5:23 | Build | Barracks |
| 5:42 | Build | Palisade Wall |
| 6:05 | Create | Villager (Male) |
| 6:14 | Create | Militia |
| 6:15 | Create | Militia |
| 6:15 | Create | Militia |
| 6:17 | Create | Villager (Male) |
| 6:20 | Create | Villager (Male) |
| 6:21 | Create | Villager (Male) |
| 6:22 | Create | Villager (Male) |
| 6:26 | Build | House |
| 6:29 | Create | Villager (Male) |
| 6:58 | Create | Villager (Male) |
| 6:59 | Build | Mill |
| 6:59 | Create | Villager (Male) |
| 7:22 | Build | House |
| 7:47 | Build | Palisade Wall |
| 8:07 | Build | Farm |
| 8:21 | Create | Villager (Male) |
| 8:47 | Research | Feudal Age |
| 8:47 | Research | Feudal Age |
| 9:01 | Build | Lumber Camp |
| 9:10 | Build | Palisade Wall |
| 9:30 | Build | Palisade Wall |
| 9:31 | Build | Palisade Wall |
| 9:55 | Build | Mining Camp |
| 10:00 | Create | Villager (Male) |
| 10:23 | Create | Militia |
| 10:34 | Build | House |
| 10:37 | Build | Palisade Wall |
| 10:45 | Create | Militia |
| 10:57 | Age | Feudal Age |
| 11:10 | Research | Man-at-Arms (upgrade) |
| 11:13 | Build | Archery Range |
| 11:14 | Create | Villager (Male) |
| 11:15 | Research | Double-Bit Axe |
| 11:21 | Create | Villager (Male) |
| 11:32 | Build | House |
| 11:35 | Build | House |
| 11:56 | Create | Militia |
| 12:00 | Create | Villager (Male) |
| 12:05 | Create | Archer |
| 12:05 | Create | Villager (Male) |
| 12:07 | Build | Farm |
| 12:11 | Build | House |
| 12:13 | Create | Villager (Male) |
| 12:26 | Build | Farm |
| 12:26 | Create | Villager (Male) |
| 12:32 | Create | Archer |
| 12:33 | Create | Archer |
| 12:34 | Create | Villager (Male) |
| 12:46 | Create | Villager (Male) |
| 12:54 | Build | Blacksmith |
| 13:03 | Create | Villager (Male) |
| 13:09 | Build | Farm |
| 13:10 | Create | Archer |
| 13:31 | Create | Villager (Male) |
| 13:40 | Create | Archer |
| 13:45 | Create | Villager (Male) |
| 13:56 | Build | Market |
| 14:19 | Create | Archer |
| 14:40 | Build | Farm |
| 14:53 | Build | Farm |
| 14:55 | Create | Archer |
| 15:08 | Create | Villager (Male) |
| 15:12 | Build | Farm |
| 15:31 | Build | Farm |
| 15:55 | Create | Villager (Male) |
| 16:24 | Research | Castle Age |
| 16:24 | Research | Castle Age |
| 16:25 | Create | Archer |
| 16:35 | Build | Archery Range |
| 16:50 | Create | Archer |
| 16:56 | Build | Archery Range |
| 16:59 | Research | Fletching |
| 16:59 | Research | Fletching |
| 17:06 | Create | Archer |
| 17:12 | Build | Palisade Gate |
| 17:17 | Build | Palisade Wall |
| 17:22 | Create | Archer |
| 17:32 | Build | Palisade Wall |
| 17:38 | Create | Archer |
| 17:40 | Research | Horse Collar |
| 17:41 | Research | Horse Collar |
| 17:43 | Research | Gold Mining |
| 17:44 | Research | Gold Mining |
| 17:45 | Create | Archer |
| 17:55 | Build | Farm |
| 17:56 | Create | Villager (Male) |
| 18:11 | Build | Lumber Camp |
| 18:19 | Create | Archer |
| 18:19 | Create | Archer |
| 18:29 | Build | Farm |
| 18:41 | Create | Archer |
| 18:51 | Build | Farm |
| 18:59 | Build | House |
| 19:04 | Build | House |
| 19:04 | Age | Castle Age |
| 19:07 | Research | Crossbowman (upgrade) |
| 19:07 | Research | Crossbowman (upgrade) |
| 19:13 | Research | Bodkin Arrow |
| 19:13 | Research | Bodkin Arrow |
| 19:18 | Create | Archer |
| 19:21 | Build | Farm |
| 19:49 | Create | Villager (Male) |
| 20:08 | Create | Archer |
| 20:11 | Create | Archer |
| 20:16 | Create | Archer |
| 20:16 | Create | Archer |
| 20:16 | Create | Archer |
| 20:16 | Create | Villager (Male) |
| 20:17 | Create | Villager (Male) |
| 20:19 | Build | University |
| 20:28 | Create | Archer |
| 20:28 | Create | Archer |
| 20:58 | Create | Villager (Male) |
| 21:10 | Research | Ballistics |
| 21:10 | Research | Ballistics |
| 21:28 | Create | Villager (Male) |
| 21:29 | Create | Archer |
| 21:30 | Create | Archer |
| 21:31 | Build | House |
| 21:49 | Create | Villager (Male) |
Build order — NOC | komtan
First 150 of 367 actions detected
| 0:01 | Research | Loom |
| 0:02 | Build | House |
| 0:15 | Create | Villager (Male) |
| 0:15 | Create | Villager (Male) |
| 0:26 | Create | Villager (Male) |
| 0:26 | Create | Villager (Male) |
| 1:16 | Create | Villager (Male) |
| 1:16 | Create | Villager (Male) |
| 1:22 | Build | House |
| 1:23 | Build | House |
| 1:49 | Build | Lumber Camp |
| 1:57 | Create | Villager (Male) |
| 1:57 | Create | Villager (Male) |
| 1:57 | Create | Villager (Male) |
| 2:26 | Create | Villager (Male) |
| 2:26 | Create | Villager (Male) |
| 2:54 | Create | Villager (Male) |
| 2:54 | Create | Villager (Male) |
| 3:11 | Create | Villager (Male) |
| 3:37 | Create | Villager (Male) |
| 3:37 | Create | Villager (Male) |
| 4:00 | Create | Villager (Male) |
| 4:00 | Create | Villager (Male) |
| 4:23 | Build | Barracks |
| 4:27 | Create | Villager (Male) |
| 4:27 | Create | Villager (Male) |
| 4:27 | Create | Villager (Male) |
| 4:56 | Build | House |
| 5:16 | Create | Militia |
| 5:16 | Create | Militia |
| 5:16 | Create | Militia |
| 5:16 | Create | Militia |
| 5:16 | Create | Militia |
| 5:21 | Create | Villager (Male) |
| 5:22 | Create | Villager (Male) |
| 5:34 | Build | Palisade Wall |
| 5:40 | Build | Palisade Wall |
| 5:50 | Create | Villager (Male) |
| 5:58 | Create | Militia |
| 6:02 | Build | Palisade Wall |
| 6:08 | Build | House |
| 6:13 | Create | Villager (Male) |
| 6:14 | Create | Villager (Male) |
| 6:31 | Build | Palisade Wall |
| 6:57 | Build | Palisade Wall |
| 7:01 | Build | Palisade Wall |
| 7:04 | Create | Villager (Male) |
| 7:04 | Create | Villager (Male) |
| 7:07 | Build | Mill |
| 7:19 | Create | Villager (Male) |
| 7:45 | Create | Villager (Male) |
| 7:47 | Build | Palisade Wall |
| 8:16 | Build | Farm |
| 8:20 | Build | Mining Camp |
| 8:26 | Create | Villager (Male) |
| 8:32 | Build | Palisade Wall |
| 8:41 | Create | Villager (Male) |
| 8:42 | Build | Farm |
| 9:04 | Build | Farm |
| 9:27 | Create | Villager (Male) |
| 9:45 | Build | Farm |
| 9:50 | Create | Villager (Male) |
| 9:55 | Build | Farm |
| 10:14 | Build | Palisade Wall |
| 10:28 | Research | Feudal Age |
| 10:41 | Build | Farm |
| 11:07 | Create | Villager (Male) |
| 11:58 | Build | Farm |
| 12:04 | Build | Farm |
| 12:06 | Build | Palisade Wall |
| 12:07 | Build | Palisade Wall |
| 12:14 | Build | House |
| 12:15 | Build | Palisade Wall |
| 12:38 | Age | Feudal Age |
| 12:45 | Build | Blacksmith |
| 12:48 | Build | Archery Range |
| 13:05 | Create | Villager (Male) |
| 13:26 | Build | House |
| 13:34 | Create | Archer |
| 13:43 | Build | House |
| 13:48 | Build | Palisade Wall |
| 14:07 | Build | House |
| 14:19 | Research | Castle Age |
| 14:24 | Build | Archery Range |
| 14:30 | Create | Archer |
| 14:40 | Build | House |
| 14:52 | Create | Archer |
| 15:01 | Build | House |
| 15:10 | Build | Palisade Wall |
| 15:15 | Research | Fletching |
| 15:16 | Research | Fletching |
| 15:16 | Research | Fletching |
| 15:16 | Create | Archer |
| 15:18 | Create | Archer |
| 15:34 | Build | House |
| 15:37 | Create | Archer |
| 15:50 | Create | Archer |
| 15:54 | Research | Double-Bit Axe |
| 16:12 | Create | Archer |
| 16:21 | Create | Villager (Male) |
| 16:39 | Create | Archer |
| 16:59 | Age | Castle Age |
| 17:04 | Research | Bodkin Arrow |
| 17:05 | Research | Bodkin Arrow |
| 17:07 | Create | Villager (Male) |
| 17:13 | Build | Town Center |
| 17:26 | Create | Archer |
| 17:28 | Create | Villager (Male) |
| 17:41 | Create | Archer |
| 17:53 | Research | Crossbowman (upgrade) |
| 18:06 | Build | Farm |
| 18:12 | Create | Villager (Male) |
| 18:14 | Create | Archer |
| 18:36 | Build | Farm |
| 18:37 | Create | Villager (Male) |
| 18:41 | Create | Archer |
| 18:45 | Build | Farm |
| 18:46 | Build | Farm |
| 18:52 | Create | Archer |
| 18:54 | Create | Villager (Male) |
| 18:54 | Create | Villager (Male) |
| 18:58 | Build | House |
| 19:06 | Build | Farm |
| 19:15 | Create | Villager (Male) |
| 19:24 | Create | Archer |
| 19:26 | Build | Farm |
| 19:26 | Create | Villager (Male) |
| 19:33 | Build | Farm |
| 19:51 | Create | Archer |
| 19:53 | Create | Villager (Male) |
| 19:53 | Create | Villager (Male) |
| 19:58 | Create | Villager (Male) |
| 20:07 | Create | Archer |
| 20:14 | Create | Villager (Male) |
| 20:21 | Build | University |
| 20:24 | Create | Archer |
| 20:26 | Create | Villager (Male) |
| 20:42 | Create | Archer |
| 20:45 | Create | Villager (Male) |
| 20:45 | Create | Villager (Male) |
| 20:54 | Create | Villager (Male) |
| 21:00 | Create | Archer |
| 21:07 | Create | Villager (Male) |
| 21:17 | Create | Archer |
| 21:19 | Create | Archer |
| 21:19 | Create | Archer |
| 21:27 | Research | Ballistics |
| 21:30 | Build | House |
| 21:32 | Create | Villager (Male) |
| 21:35 | Create | Archer |
Match timeline
| 4:23 | NOC | komtan · first_building Barracks |
| 5:23 | Nacho_C · first_building Barracks |
| 5:34 | NOC | komtan · wall_segment Palisade Wall x5 |
| 5:40 | NOC | komtan · wall_segment Palisade Wall x10 |
| 5:42 | Nacho_C · wall_segment Palisade Wall x1 |
| 6:02 | NOC | komtan · wall_segment Palisade Wall x12 |
| 6:31 | NOC | komtan · wall_segment Palisade Wall x8 |
| 6:57 | NOC | komtan · wall_segment Palisade Wall x21 |
| 7:01 | NOC | komtan · wall_segment Palisade Wall x6 |
| 7:47 | NOC | komtan · wall_segment Palisade Wall x7 |
| 7:47 | Nacho_C · wall_segment Palisade Wall x8 |
| 8:32 | NOC | komtan · wall_segment Palisade Wall x1 |
| 9:10 | Nacho_C · wall_segment Palisade Wall x6 |
| 9:30 | Nacho_C · wall_segment Palisade Wall x5 |
| 9:31 | Nacho_C · wall_segment Palisade Wall x1 |
| 10:14 | NOC | komtan · wall_segment Palisade Wall x1 |
| 10:37 | Nacho_C · wall_segment Palisade Wall x2 |
| 10:57 | Nacho_C · age_up feudal |
| 11:13 | Nacho_C · first_building Archery Range |
| 12:06 | NOC | komtan · wall_segment Palisade Wall x1 |
| 12:07 | NOC | komtan · wall_segment Palisade Wall x1 |
| 12:15 | NOC | komtan · wall_segment Palisade Wall x2 |
| 12:38 | NOC | komtan · age_up feudal |
| 12:48 | NOC | komtan · first_building Archery Range |
| 13:48 | NOC | komtan · wall_segment Palisade Wall x4 |
| 15:10 | NOC | komtan · wall_segment Palisade Wall x1 |
| 15:56 | Nacho_C · first_market_buy 100 food |
| 15:57 | Nacho_C · first_market_sell 100 wood |
| 16:59 | NOC | komtan · age_up castle |
| 17:17 | Nacho_C · wall_segment Palisade Wall x4 |
| 17:32 | Nacho_C · wall_segment Palisade Wall x1 |
| 19:04 | Nacho_C · age_up castle |
| 23:36 | Nacho_C · first_building Siege Workshop |
| 25:34 | Nacho_C · first_building Monastery |
| 26:39 | NOC | komtan · first_building Siege Workshop |
| 33:41 | Nacho_C · first_building Castle |
| 34:47 | NOC | komtan · first_building Castle |
| 36:22 | NOC | komtan · wall_segment Stone Wall x1 |
| 36:40 | NOC | komtan · first_market_buy 500 food |
| 38:46 | Nacho_C · age_up imperial |
| 38:56 | NOC | komtan · resign |
[ AI ANALYSIS · 1 CREDIT ]
What really happened in this match?
Wolo.gg analyzes every decision: build order, eco, micro, common mistakes by bracket. Personalized analysis on WhatsApp or Discord in 30 seconds.
Civ guide
Maya
Perfil
Nacho_10 (Nacho_C)